[Event "Oceania Zonal Women 2023"]
[Site "Melbourne"]
[Date "2023.01.23"]
[Round "1.1"]
[White "Li, Chuyue Angie"]
[Black "Ryjanova, Julia"]
[Result "0-1"]
[ECO "B12"]
[WhiteElo "1524"]
[BlackElo "2288"]
[Annotator "TA"]
[PlyCount "84"]
[EventDate "2023.01.09"]
[EventType "swiss"]
[EventCountry "AUS"]
[SourceTitle "playchess.com"]
[Source "ChessBase"]
[SourceQuality "1"]
[TimeControl "5400+30"]

1. e4 c6 2. d4 d5 3. e5 c5 4. dxc5 Nc6 5. Bb5 e6 6. Be3 Nge7 7. c3 Bd7 8. Bxc6 Nxc6 9. f4 {[%emt 0:04:46] B12: Caro-Kann: Advance Variation.} Ne7 10. Nf3 Nf5 {[%emt 0:08:12] [#]} 11. Bd4 $146 {[%emt 0:05:42] White is slightly better.} ({Predecessor:} 11. Bf2 h5 12. O-O Qc7 13. b4 b6 14. cxb6 axb6 15. Nd4 Rh6 16. a4 h4 17. Qb3 Nxd4 18. Bxd4 {1-0 Lupulescu,C (2660)-Dobre,C (2360) ROM-ch Targu Mures 2014 (5)}) 11... Nxd4 12. Qxd4 (12. cxd4 $11 b6 13. cxb6) 12... Rc8 $15 13. b4 b6 $36 {[%emt 0:01:33][%cal Rb6c5][%mdl 2048] Black has some pressure.} 14. cxb6 (14. c6 $1 $11 Rxc6 15. O-O) 14... Rc4 $17 {[%emt 0:00:22][%mdl 64] [#] Deflection} (14... Qxb6 $6 15. Qxb6 axb6 16. Kf2 $11) 15. Qd2 Qxb6 16. a4 Re4+ {[%emt 0:03:51][%mdl 1024] Black has strong compensation.} 17. Kd1 a5 {[%emt 0:02:42][%cal Ra5b4] Black is more active.} (17... Be7 $5 ) 18. Ng5 (18. b5 $1 $11) 18... Rc4 {[%emt 0:02:07][%cal Ra5b4] Black continues to play with concentration.} 19. b5 Bc5 20. Re1 Ke7 21. f5 h6 {[%emt 0:06:09] Dancing on a razor blade.} 22. fxe6 (22. f6+ $17 {keeps fighting.} gxf6 23. exf6+ Kxf6 24. Nf3 (24. Rf1+ Ke7 $17)) 22... fxe6 23. Nh3 (23. Nf3 $17) 23... Rf8 $19 {[%emt 0:00:34] [#] Hoping for ...Be8.} 24. g3 $2 (24. Qb2 Be8 25. Nd2) 24... Be8 25. Nf4 g5 26. Nd3 Bg6 {[%emt 0:00:39] And now ...Rf3 would win.} 27. Nb2 Re4 28. Nd3 Be3 29. Qb2 Bh5+ 30. Kc2 Bf2 {[%emt 0:00:17][%cal Be3f2,Bf2c5,Bc5f8][%mdl 32] This pair of bishops is nice.} 31. Qa3+ Ke8 ({And not} 31... Bc5 32. Nxc5 Rxe1 33. Nxe6+ (33. Nd3+ $2 Ke8 $19) 33... Kxe6 34. Qxf8 Kxe5 35. Qg7+ (35. Qe7+ Qe6 $15) 35... Kf5 36. Qd4 Qxd4 37. cxd4 $11) 32. Rf1 Re2+ 33. Kb3 Qc7 $2 ({Black should try} 33... Bg6 $19 34. Qd6 Qxd6 35. exd6 Bxd3) 34. Nb2 (34. Qd6 $11 Qxd6 35. exd6) 34... Bc5 35. Rxf8+ Bxf8 36. Qa2 Re3 {[%emt 0:01:02] Black mates.} 37. Kc2 Bg6+ 38. Kd2 Qxe5 39. Kc1 Rxc3+ {[%emt 0:00:48] White is weak on the dark squares} 40. Nxc3 Qxc3+ 41. Kd1 Bh5+ 42. g4 Bxg4# {[%emt 0:00:06] Ingenious play by Ryjanova!   Weighted Error Value: White=0.99/Black=0.34} 0-1

[Event "Oceania Zonal Women 2023"]
[Site "Melbourne"]
[Date "2023.01.23"]
[Round "1.2"]
[White "Zhang, Jilin"]
[Black "Huey, Chelsea"]
[Result "1/2-1/2"]
[ECO "B49"]
[WhiteElo "2212"]
[BlackElo "1516"]
[Annotator "TA"]
[PlyCount "102"]
[EventDate "2023.01.09"]
[EventType "swiss"]
[EventCountry "AUS"]
[SourceTitle "playchess.com"]
[Source "ChessBase"]
[SourceQuality "1"]
[TimeControl "5400+30"]

1. e4 c5 2. Nf3 e6 3. d4 cxd4 4. Nxd4 a6 5. Nc3 Qc7 6. Be2 Nc6 7. O-O Nf6 8. Be3 Be7 9. Kh1 {[%emt 0:01:33] B49: Sicilian: Taimanov: 5 Nc3 Qc7 6 Be3 a6 7 Be2.} Ne5 (9... O-O $11) 10. a4 (10. f4 $5 Nc4 11. Bc1 $14) 10... d6 11. a5 {[%emt 0:04:19] [#] White is slightly better.} Bd7 $146 ({Predecessor:} 11... O-O 12. f4 Nc4 13. Bxc4 Qxc4 14. Na4 Nd7 15. Qd3 Qc7 16. Nb6 Rb8 17. f5 Nc5 {1-0 Ruiz Aguilar,P (2241)-Salcedo,P (1913) Bogota McGregor op 4th 2013 (5)}) 12. f3 Nc4 13. Bxc4 Qxc4 14. Qd2 O-O 15. b3 Qc7 16. Na4 Bxa4 17. Rxa4 d5 18. Bf4 e5 (18... Qd8 $5 ) 19. Bg3 $36 {[%emt 0:00:08][%mdl 2048] Nf5 is the strong threat. White has some pressure.} dxe4 ({Black should try} 19... Nh5 $11 20. Nf5 Nxg3+ 21. hxg3 dxe4) 20. Nf5 $1 $14 Nh5 (20... exf3 $2 21. Rc4 Bc5 22. b4 $18 (22. Qg5 fxg2+ 23. Kxg2 Ne8 $16)) 21. Nxe7+ (21. Bf2 {is interesting.} Rad8 22. Qe2 e3 23. Bxe3 Qd7 24. g4) 21... Qxe7 22. Rxe4 Nxg3+ 23. hxg3 Rfe8 24. Rfe1 Rad8 {[%emt 0:05:53] Inhibits Qd5.} (24... f6 $1 $11) 25. Qe3 {[%emt 0:02:58] White is more active.} (25. Rxe5 $16 Qf8 26. Rxe8 Rxe8 27. Rxe8 Qxe8 28. g4) 25... Rd5 26. b4 {[%emt 0:02:42] White wants to play c4.} f5 27. Qb3 Qf7 28. R4e2 (28. c4 $5 ) 28... g6 29. Kh2 (29. c4 $5 Rd4 30. Rxe5 Rxe5 31. Rxe5 $14) 29... Rd4 {[%emt 0:03:56] The position is equal.} 30. Qxf7+ Kxf7 $11 {[%emt 0:01:09][%mdl 4096] Endgame KRR-KRR} 31. c3 Rc4 32. Rxe5 Rxe5 33. Rxe5 Rxc3 {[%emt 0:00:26] KR-KR} 34. b5 Kf6 35. f4 Rc4 36. b6 g5 37. Rd5 {[%emt 0:00:11] [#] aiming for Rd7.} Ke6 {[%emt 0:00:10] Prevents Rd7.} 38. Re5+ Kf6 39. Rd5 {[%emt 0:00:22] Threatens to win with Rd7.} Ke6 {[%emt 0:00:24] Wards off Rd7} 40. Rd8 {[%emt 0:01:10] Hoping for Rb8.} gxf4 41. gxf4 Rxf4 42. Rb8 Rh4+ 43. Kg1 Ra4 44. Rxb7 {[%emt 0:00:33] [#] Rb8 would be deadly.} Rxa5 45. Rxh7 Rb5 46. Kf2 Rb3 (46... Rxb6 {is a self mate.} 47. Rh6+ Kf7 48. Rxb6 a5 49. Ra6 a4 50. Kf3 Kf8 51. Rxa4) 47. b7 a5 48. Rh6+ Ke5 49. Ra6 Rxb7 50. Rxa5+ Kf4 51. Ra4+ Ke5 {[%emt 0:00:34] Weighted Error Value: White=0.11 (very precise) /Black=0.13 (very precise)} 1/2-1/2

[Event "Oceania Zonal Women 2023"]
[Site "Melbourne"]
[Date "2023.01.23"]
[Round "1.3"]
[White "Chang, Yolanda"]
[Black "Punsalan, Vyanla M"]
[Result "0-1"]
[ECO "B12"]
[WhiteElo "1508"]
[BlackElo "1989"]
[Annotator "TA"]
[PlyCount "86"]
[EventDate "2023.01.09"]
[EventType "swiss"]
[EventCountry "AUS"]
[SourceTitle "playchess.com"]
[Source "ChessBase"]
[SourceQuality "1"]
[TimeControl "5400+30"]

1. e4 c6 2. d4 d5 3. f3 g6 4. e5 Bf5 5. Bd3 {[%emt 0:01:44] [#]} e6 $146 (5... Bxd3 $11 {deserves consideration.} 6. Qxd3 f6) ({Predecessor:} 5... Bxd3 6. Qxd3 e6 7. Ne2 Qh4+ 8. Ng3 Nd7 9. O-O Nh6 10. Be3 Nf5 11. Bf2 Qg5 {0-1 Felix,D (1787)-Galindo,L (1770) Pessoense Master U1900 2nd 2018 (3)}) 6. Bxf5 $14 {[%emt 0:03:23] B12: Caro-Kann: Advance Variation.} gxf5 7. Ne2 Ne7 8. Nbc3 {[%emt 0:13:21] White is slightly better.} Ng6 9. Nf4 (9. O-O $11) 9... Rg8 10. g3 Nd7 11. Nce2 c5 12. c3 Qb6 13. Nxg6 Rxg6 14. b3 Rc8 15. Bb2 (15. Nf4 cxd4 16. Nxg6 (16. Qxd4 Bc5 $17) 16... hxg6 17. Qxd4 (17. cxd4 Bb4+ 18. Kf1 Bc3 $15) 17... Bc5 $15) 15... h5 16. Nf4 Rh6 17. Qe2 h4 18. gxh4 (18. g4 $11) 18... cxd4 $17 ({And not} 18... Rxh4 19. Nd3 $17) 19. cxd4 Bb4+ (19... Rxh4 $142 20. Nd3 Bb4+ 21. Nxb4 Qxb4+ 22. Qd2 a5) 20. Kf1 Rxh4 21. Ng2 Rh8 {[%emt 0:02:31] Black is much more active. The white rooks are badly placed.} (21... Rxd4 $142 $1 {aiming for ...Rd2.} 22. Bxd4 Qxd4) 22. Rd1 Rc6 (22... Nb8 $17) 23. Qd3 $2 (23. h4 $15) 23... Qc7 24. Ne1 a6 ({Black should try} 24... Nf8 $1 $19 {[%cal Rf8g6] ...Ng6 is the strong threat.} 25. Qe2 Rh3) 25. h4 f6 (25... Nf8 $17 {...Ng6 would be deadly.} 26. Qe2 Ng6) 26. f4 (26. Qe2 $1 $11 {remains equal.}) 26... Rg8 {[%emt 0:04:20] Strongly threatening ...Bxe1.} 27. Rg1 Rxg1+ 28. Kxg1 Nf8 29. Qg3 (29. Qf3 $17 {was called for.}) 29... fxe5 $1 $19 30. fxe5 b5 (30... Qh7 $1 $17 {Hoping for ...Qh5.} 31. Ng2 Rc2) 31. h5 $2 {[%emt 0:00:34] [#]} (31. Nd3 $11 {and White is okay.} Rc2 32. Qg5 (32. Nxb4 Rxb2 33. Nxa6 Qc2 $15)) 31... Bc3 $2 ({Black should play} 31... Rc2 $1 $19 32. Nd3 (32. Nxc2 $2 {loses.} Qxc2 33. Qd3 Qxb2 $19) 32... f4) 32. Bxc3 $11 Rxc3 33. Qg5 Qh7 34. Ng2 {[%emt 0:00:13] Dodges f4} Rc7 35. Kf1 $2 {[%emt 0:00:24][%mdl 8192] [#]} (35. h6 $11 {and White has nothing to worry.}) 35... Rg7 $1 $19 36. Qh4 Rg4 37. Qh3 Qh6 38. Ne3 $2 (38. Kf2) 38... Qf4+ 39. Ke1 Rg3 40. Qxg3 Qxg3+ 41. Kd2 f4 42. Nc2 f3 43. Ne3 Qf2+ {[%emt 0:00:15] Weighted Error Value: White=0.81/Black=0.29 (precise)} 0-1

[Event "Oceania Zonal Women 2023"]
[Site "Melbourne"]
[Date "2023.01.23"]
[Round "1.4"]
[White "Zhang, Jasmine Haomo"]
[Black "Maunders, Myiesha"]
[Result "1-0"]
[ECO "E44"]
[WhiteElo "1949"]
[BlackElo "1498"]
[Annotator "TA"]
[PlyCount "101"]
[EventDate "2023.01.09"]
[EventType "swiss"]
[EventCountry "AUS"]
[SourceTitle "playchess.com"]
[Source "ChessBase"]
[SourceQuality "1"]
[TimeControl "5400+30"]

1. d4 Nf6 2. c4 e6 3. Nc3 Bb4 4. e3 b6 5. Nge2 Bb7 6. a3 Bxc3+ 7. Nxc3 O-O 8. Bd3 d6 9. O-O {[%emt 0:03:40] 9.e4 is the fancy move.} Nbd7 10. e4 {[%emt 0:06:18] E44: Nimzo-Indian: Rubinstein: 4...b6 5 Ne2.} e5 11. d5 Nc5 12. Bc2 {[%emt 0:02:19] White is better.} Ba6 {[%emt 0:03:23] [#]} 13. Qe2 $146 ({Predecessor:} 13. b3 h6 14. f4 exf4 15. Bxf4 Re8 16. Qf3 Ncd7 17. Rae1 Ne5 18. Qf2 Qe7 19. h3 {1-0 Zeihser,M (2420)-Maier,A (1955) W-ch GT267 corr 1989}) 13... Ne8 (13... Bb7 $16 14. Bd2 Qe7) 14. f4 (14. b4 $18) 14... exf4 $16 15. Bxf4 f6 16. Nd1 Qe7 17. b4 Nd7 18. Ne3 {[%emt 0:00:43] Black is weak on the light squares} g6 {[%emt 0:00:55] Repels Nf5} 19. Rac1 Ng7 20. Ng4 Ne5 21. Bxe5 (21. Nh6+ $16 Kh8 22. Bb3) 21... dxe5 (21... fxe5 $11 22. b5 Bb7) 22. Bd3 Rad8 23. Rf2 h5 24. Ne3 Ne8 ({Better is} 24... Bc8) 25. c5 Bxd3 26. Qxd3 Rf7 27. Qa6 Ra8 28. Qb7 Qd8 29. Rcf1 Kg7 30. Nc4 {[%emt 0:00:36][%cal Oc4e5] Nxe5! is the strong threat. White has more active pieces.} Re7 (30... Rb8 $16 31. Qxa7 Qc8) 31. Qc6 $18 Rd7 (31... Kh8 $142 32. g4 hxg4) 32. a4 (32. h3 $142) 32... Rb8 33. a5 bxc5 34. bxc5 (34. Nxe5 fxe5 35. Rf8 (35. Qxc5 $2 Nd6 $19) 35... Re7 36. Qxc5 Qd6 37. Qxa7 Rxb4 $15) 34... Rb4 35. Qa6 Qb8 $2 (35... Qe7 $16) 36. Rxf6 Nxf6 37. Qxf6+ (37. Rxf6 Qe8 38. Nd2 Ra4 $11) 37... Kh7 38. Nxe5 Rg7 39. Nf7 {[%emt 0:03:09] And now Ng5+ would win.} Rb1 40. Ng5+ Kh8 41. Ne6 {[%emt 0:01:22][%csl Ge6][%cal Rf6g7][%mdl 64] [#] Pin} Rxf1+ 42. Kxf1 {[%emt 0:00:06][%csl Ge6][%cal Rf6g7][%mdl 4096] Endgame KQR-KQN} Qb1+ 43. Kf2 Qc2+ 44. Ke3 Qc1+ {[%emt 0:01:14] [#]} 45. Kd3 $2 (45. Ke2 $1 $18 Qc2+ 46. Kf3 Qd3+ 47. Kf2 Qd2+ 48. Kg3 Qe3+ 49. Qf3 Qe1+ 50. Kh3) 45... Qb1+ $2 (45... Qd1+ $11 46. Ke3 Qe1+ 47. Kf4 (47. Kd3 Qd1+ 48. Ke3 Qe1+ 49. Kf4 g5+ 50. Kf5 Qf2+ 51. Ke5 Qb2+ 52. Nd4 Kh7 $14) 47... g5+ 48. Ke5 (48. Nxg5 Qh4+ 49. Kf5 Qg4+ {[%mdl 64] Deflection, Double Attack} 50. Ke5 Qxg5+ 51. Qxg5 Rxg5+ 52. Kf6 Rxg2 $18) 48... Qa1+ 49. Nd4 Kg8) 46. Kd2 Qa2+ 47. Ke3 {[%emt 0:00:37][%csl Ge6][%cal Rf6g7] White mates.} Qa3+ 48. Kf2 Qa2+ 49. Kg3 Qb3+ 50. Kh4 g5+ 51. Kxh5 {[%emt 0:00:18] Weighted Error Value: White=0.44/Black=0.39} 1-0

[Event "Oceania Zonal Women 2023"]
[Site "Melbourne"]
[Date "2023.01.23"]
[Round "1.5"]
[White "Retnaraja, Athena-Malar"]
[Black "Vincent Alaina"]
[Result "0-1"]
[ECO "D02"]
[WhiteElo "1473"]
[BlackElo "1897"]
[Annotator "NA COMBH"]
[PlyCount "96"]
[EventDate "2023.01.09"]
[EventType "swiss"]
[EventCountry "AUS"]
[SourceTitle "playchess.com"]
[Source "ChessBase"]
[SourceQuality "1"]
[TimeControl "5400+30"]

1. d4 Nf6 2. Nf3 d5 3. Bf4 c6 4. Nbd2 Bf5 5. e3 e6 6. Ne5 Bd6 7. Ndf3 Qc7 8. Bd3 Bg6 9. g4 Nbd7 10. h4 Qa5+ 11. c3 Bxe5 12. Nxe5 Bxd3 13. Qxd3 h6 14. Rg1 Qb5 15. Qc2 Qb6 16. g5 hxg5 17. hxg5 Ne4 18. O-O-O Nxe5 19. Bxe5 O-O-O 20. f3 Nd6 21. Bxg7 Rhg8 22. Be5 Nc4 23. Bf4 Rde8 24. b3 Na3 25. Qd3 Qa5 26. Kb2 Kd7 27. Rc1 Nb5 28. a4 Nd6 29. Qh7 Rh8 30. Qg7 b5 31. Qe5 Qc7 32. a5 Rh3 33. Rgf1 Rg8 34. Rc2 Ne8 35. Qxc7+ Nxc7 36. c4 bxc4 37. bxc4 dxc4 38. Rxc4 Rb8+ 39. Ka3 Rb5 40. Rc5 Nd5 41. Ka4 a6 42. Be5 Nxe3 43. Rf2 Nd5 44. Bg7 Rh1 45. Ka3 Ra1+ 46. Ra2 Rf1 47. Rac2 Rxf3+ 48. Ka4 Rb4# 0-1

[Event "Oceania Zonal Women 2023"]
[Site "Melbourne"]
[Date "2023.01.23"]
[Round "1.6"]
[White "Hardegen, Kathryn"]
[Black "Xu, Luna Yuexiu"]
[Result "0-1"]
[ECO "B92"]
[WhiteElo "1887"]
[BlackElo "1446"]
[Annotator "NA COMBH"]
[PlyCount "68"]
[EventDate "2023.01.09"]
[EventType "swiss"]
[EventCountry "AUS"]
[SourceTitle "playchess.com"]
[Source "ChessBase"]
[SourceQuality "1"]
[TimeControl "5400+30"]

1. e4 c5 2. Nf3 d6 3. d4 cxd4 4. Nxd4 Nf6 5. Nc3 a6 6. Be2 e5 7. Nf3 h6 8. h3 Be7 9. Be3 Be6 10. O-O O-O 11. a4 Nbd7 12. Nd2 Rc8 13. a5 d5 14. exd5 Nxd5 15. Nxd5 Bxd5 16. Nf3 Bc6 17. c3 f5 18. Qb3+ Kh8 19. Rfd1 Bxf3 20. Bxf3 e4 21. Be2 Qc7 22. Qe6 Nc5 23. Bxc5 Bxc5 24. Rd7 Qg3 25. Rf1 Qg5 26. Rxb7 f4 27. Qg4 Qf6 28. Bxa6 f3 29. gxf3 exf3 30. Bb5 Bd6 31. Re1 Rc5 32. Re6 Qg5 33. Rg6 Rxb5 34. Rxb5 Qc1# 0-1

[Event "Oceania Zonal Women 2023"]
[Site "Melbourne"]
[Date "2023.01.26"]
[Round "4.1"]
[White "Ryjanova, Julia"]
[Black "Vincent Alaina"]
[Result "1-0"]
[ECO "D26"]
[WhiteElo "2288"]
[BlackElo "1897"]
[Annotator "TA"]
[PlyCount "55"]
[EventDate "2023.01.09"]
[EventType "swiss"]
[EventCountry "AUS"]
[SourceTitle "playchess.com"]
[Source "ChessBase"]
[SourceQuality "1"]
[TimeControl "5400+30"]

1. d4 d5 2. c4 dxc4 3. e3 Nf6 4. Bxc4 e6 5. Nf3 c5 6. O-O Nc6 7. a3 Qc7 {[%emt 0:07:15] [#] D26: Queen's Gambit Accepted: 4 e3 e6 5 Bxc5 c5 sidelines.} 8. Qc2 $146 ({Predecessor:} 8. dxc5 Bxc5 9. b4 Bd6 10. Bb2 a6 11. Nbd2 b5 12. Bb3 Bb7 13. Rc1 Rd8 14. Qe2 Qe7 15. Rfd1 {0-1 Kokotovic,A (2144)-Nomin Erdene,D (2421) Novi Sad Serbian op 2016 (1)}) 8... cxd4 9. exd4 Bd6 {[%emt 0:00:14] The position is equal.} 10. Qe2 a6 (10... O-O $5 ) 11. d5 (11. Bg5 {keeps more tension.} Ng4 12. d5 h6 13. Bd2) 11... Ne5 12. Nxe5 Bxe5 13. dxe6 fxe6 14. f4 Bd4+ 15. Kh1 {[%emt 0:00:05] Strongly threatening Nd2.} Ng4 16. Bxe6 $18 Nf2+ 17. Rxf2 Qxc1+ 18. Rf1 Qxb2 (18... Qe3 19. Qxe3 Bxe3) 19. Nd2 (19. Bxc8+ $2 {loses.} Qxe2 $19) 19... Kf8 20. Rab1 Qxa3 {[%emt 0:03:36] Black is weak on the light squares} 21. Bxc8 {[%emt 0:02:11][%cal Of1e1] [#] And now Rfe1! would win.} Rxc8 22. Rxb7 {[%emt 0:00:06] Threatening mate with Qe6.} Qe3 {[%emt 0:05:33] Prevents Qe6.} 23. Qxa6 {[%emt 0:04:23] White threatens Qd6+ and mate.} Bc5 24. Nf3 {[%emt 0:01:47] White mates.} Re8 25. Ne5 Qe4 26. Nd7+ Kg8 27. Nxc5 Qd5 28. Qa1 {[%emt 0:00:57] Weighted Error Value: White=0.05 (flawless) /Black=0.88} 1-0

[Event "Oceania Zonal Women 2023"]
[Site "Melbourne"]
[Date "2023.01.26"]
[Round "4.2"]
[White "Punsalan, Vyanla M"]
[Black "Zhang, Jilin"]
[Result "1-0"]
[ECO "B22"]
[WhiteElo "1989"]
[BlackElo "2212"]
[Annotator "TA"]
[PlyCount "73"]
[EventDate "2023.01.09"]
[EventType "swiss"]
[EventCountry "AUS"]
[SourceTitle "playchess.com"]
[Source "ChessBase"]
[SourceQuality "1"]
[TimeControl "5400+30"]

1. e4 c5 2. c3 Nf6 3. e5 Nd5 4. d4 cxd4 5. Nf3 d6 6. Bb5+ {[%emt 0:07:22] B22: Sicilian: 2 c3.} (6. Nxd4 dxe5 7. Nc2 Nc6 $15) 6... Bd7 7. Bxd7+ (7. Nxd4 dxe5 8. Bxd7+ Qxd7 $17) 7... Qxd7 8. O-O {[%emt 0:07:13] The position is equal.} (8. Nxd4 dxe5 9. Nf3 Nc6 $17) 8... e6 9. cxd4 Nc6 10. Nc3 Nxc3 11. bxc3 dxe5 12. Nxe5 Nxe5 13. dxe5 Bc5 14. Qg4 {[%emt 0:05:10] [#]} O-O-O $146 ({Predecessor:} 14... O-O 15. Bg5 Kh8 16. Rad1 Qc7 17. Qe4 Be7 18. Bxe7 Qxe7 19. Rd6 Qc7 20. Qd4 Qa5 {0-1 Garma,C (2346)-Gu,X (2286) Manila PGMA Cup 3rd 2008 (6)}) 15. Bg5 Rdg8 16. Rad1 Qc6 17. Rd3 f6 18. Be3 (18. exf6 $2 gxf6 19. Re1 Rxg5 $19) 18... Bxe3 19. fxe3 fxe5 (19... f5 $5 20. Qb4 Rd8 $11) 20. Rfd1 Re8 (20... g6 $11 {keeps the balance.}) 21. Qxg7 $16 {[%emt 0:07:11] White is more active. Black is on the road to losing.} Kb8 (21... Reg8 $16 22. Qd7+ (22. Qxe5 $2 Qxg2#) 22... Qxd7 23. Rxd7 Rg4) 22. Qxe5+ $18 Ka8 {[%emt 0:00:07] [#]} (22... Qc7 {was worth a try.} 23. Qxc7+ Kxc7 24. Rd7+ Kb8) 23. Qxh8 $3 {[%emt 0:04:24][%mdl 576] Decoy} Rxh8 24. Rd8+ Qc8 25. Rxc8+ Rxc8 {[%emt 0:00:04][%mdl 4096] Endgame KR-KR} 26. Rd7 a5 $2 (26... Rh8 27. g4 a5) 27. Rxh7 Rxc3 28. h4 Ra3 29. h5 Rxa2 30. h6 Ra4 31. Re7 Rh4 32. h7 {[%emt 0:00:21] White threatens Re8+ and mate.} (32. Rxe6 a4 33. Rd6 a3 $14) 32... Ka7 33. g3 (33. Rxe6 Rxh7 34. Rd6 a4 $19) 33... Rh6 {[%emt 0:04:07] [#]} 34. g4 $1 a4 {[%emt 0:00:47] White is clearly winning.} 35. g5 Rh5 36. g6 {[%emt 0:01:35] Intending Re8 and mate.} (36. Rxe6 $2 {too greedy.} Rxh7 37. Re5 Ka6 $19) 36... a3 37. Rd7 {[%emt 0:01:22] Weighted Error Value: White=0.05 (flawless) /Black=0.76} (37. Rxe6 {gets mated.} a2 38. Kf2 a1=Q 39. Rd6 Qe5 40. Ke2 Qh2+ 41. Kd3 Qxd6+ 42. Ke2 Qxg6 43. h8=Q Rxh8 44. Kd2 Rh2+ 45. Kc3 Qe4 46. Kb3 b5 47. Kc3 Qc4#) 1-0

[Event "Oceania Zonal Women 2023"]
[Site "Melbourne"]
[Date "2023.01.26"]
[Round "4.3"]
[White "Middleton, Jody"]
[Black "Fan, Chloe"]
[Result "1/2-1/2"]
[ECO "D10"]
[WhiteElo "1748"]
[BlackElo "1554"]
[Annotator "NA COMBH"]
[PlyCount "60"]
[EventDate "2023.01.09"]
[EventType "swiss"]
[EventCountry "AUS"]
[SourceTitle "playchess.com"]
[Source "ChessBase"]
[SourceQuality "1"]
[TimeControl "5400+30"]

1. d4 d5 2. c4 c6 3. cxd5 cxd5 4. Bf4 Nf6 5. Nc3 Nc6 6. e3 a6 7. Bd3 Bg4 8. Nge2 e6 9. O-O Be7 10. Rc1 O-O 11. a3 Rc8 12. f3 Bh5 13. Na4 Bg6 14. h3 b5 15. Nc5 Qb6 16. b4 Qa7 17. Bxg6 hxg6 18. Qb3 Nd7 19. Bh2 Nb6 20. Rfd1 Rfd8 21. e4 Nc4 22. e5 a5 23. Nc3 a4 24. Qa2 Qb6 25. Nb1 Ne3 26. Rd3 Nc4 27. Kh1 Rc7 28. Qf2 Qa7 29. f4 Bxc5 30. dxc5 Rcd7 1/2-1/2

[Event "Oceania Zonal Women 2023"]
[Site "Melbourne"]
[Date "2023.01.26"]
[Round "4.4"]
[White "Szuveges, Narelle"]
[Black "Zhang, Jasmine Haomo"]
[Result "1-0"]
[ECO "D35"]
[WhiteElo "1566"]
[BlackElo "1949"]
[Annotator "TA"]
[PlyCount "43"]
[EventDate "2023.01.09"]
[EventType "swiss"]
[EventCountry "AUS"]
[SourceTitle "playchess.com"]
[Source "ChessBase"]
[SourceQuality "1"]
[TimeControl "5400+30"]

1. d4 d5 2. c4 e6 3. Nc3 Be7 4. cxd5 exd5 5. Bf4 c6 6. e3 Bf5 7. Nf3 Nf6 8. Be2 {[%emt 0:00:11] Recently 8.Nh4 got a lot of attention.} Nbd7 9. O-O O-O 10. Rc1 {[%emt 0:02:39] D35: Queen's Gambit Declined: Exchange Variation.} Re8 11. Nh4 Be6 12. Nf3 {[%emt 0:03:22] [#] The position is equal.} Ne4 $146 ({Predecessor:} 12... Bg4 13. Qc2 Nf8 14. Bg5 Ng6 15. h3 Be6 16. Bd3 Nd7 17. Bxe7 Qxe7 18. Ne2 Ndf8 {½-½ Hoefner,C (1836)-Kohn,S (2135) Mittelrhein-chT 1112 2011 (5.6)}) 13. Ne5 Bg5 14. Bxg5 Qxg5 (14... Nxg5 {simplifies} 15. Bd3 Nxe5 16. dxe5 f5) 15. f4 Qh6 16. Nxe4 dxe4 17. a3 Nb6 18. Qe1 f6 19. Ng4 Qg6 20. Qg3 {[%emt 0:05:38][%cal Of4f5] Threatens to win with f5!} Nd5 $2 {[%emt 0:04:54][%mdl 8192] [#]} (20... Kf8 $11 {and Black has nothing to worry.}) 21. f5 $1 $18 Bxf5 {[%emt 0:00:17] [#]} 22. Rxf5 $1 {[%emt 0:00:14][%mdl 512] Weighted Error Value: White=0.06 (flawless) /Black=0.66} 1-0

[Event "Oceania Zonal Women 2023"]
[Site "Melbourne"]
[Date "2023.01.26"]
[Round "4.5"]
[White "Quek, Shi Ning Kristine"]
[Black "Zeng, Vera"]
[Result "0-1"]
[ECO "C54"]
[WhiteElo "1807"]
[BlackElo "1527"]
[Annotator "NA COMBH"]
[PlyCount "94"]
[EventDate "2023.01.09"]
[EventType "swiss"]
[EventCountry "AUS"]
[SourceTitle "playchess.com"]
[Source "ChessBase"]
[SourceQuality "1"]
[TimeControl "5400+30"]

1. e4 e5 2. Nf3 Nc6 3. Bc4 Bc5 4. c3 Nf6 5. d4 exd4 6. e5 d5 7. Bb5 Ne4 8. cxd4 Bb4+ 9. Nbd2 Nxd2 10. Bxd2 Bxd2+ 11. Qxd2 Bd7 12. Bd3 Qe7 13. O-O Bg4 14. Be2 O-O 15. Qf4 Bxf3 16. Bxf3 Rad8 17. Rad1 Rfe8 18. Qg3 Qb4 19. e6 Rxe6 20. Qxc7 Re7 21. Qf4 Qxb2 22. Rd2 Qb4 23. h4 Ne5 24. Rdd1 Nxf3+ 25. Qxf3 Re4 26. Rb1 Qe7 27. g3 Rxd4 28. Rfe1 Re4 29. Red1 b6 30. Rbc1 g6 31. h5 Re5 32. hxg6 hxg6 33. Qf4 Re4 34. Qf3 Kg7 35. Qb3 d4 36. Qd3 Re8 37. Qc4 Qf6 38. Rd2 Qf3 39. Qf1 R8e5 40. Rd3 Qe2 41. Qxe2 Rxe2 42. Rxd4 Rxa2 43. Rc7 Rf5 44. Rdd7 Rfxf2 45. Rxa7 Rg2+ 46. Kf1 Rxa7 47. Rxa7 Rxg3 0-1

[Event "Oceania Zonal Women 2023"]
[Site "Melbourne"]
[Date "2023.01.26"]
[Round "4.6"]
[White "Maunders, Myiesha"]
[Black "Cheng, Chao Xin"]
[Result "1-0"]
[ECO "B87"]
[WhiteElo "1498"]
[BlackElo "1806"]
[Annotator "NA COMBH"]
[PlyCount "81"]
[EventDate "2023.01.09"]
[EventType "swiss"]
[EventCountry "AUS"]
[SourceTitle "playchess.com"]
[Source "ChessBase"]
[SourceQuality "1"]
[TimeControl "5400+30"]

1. e4 c5 2. Nf3 d6 3. Nc3 Nf6 4. d4 cxd4 5. Nxd4 a6 6. Bc4 e6 7. Bb3 b5 8. Bg5 Be7 9. Bxf6 Bxf6 10. a3 Qb6 11. Nde2 Nd7 12. Qd2 Nc5 13. Rd1 Be7 14. O-O O-O 15. Kh1 Bb7 16. f3 Nxb3 17. cxb3 Rad8 18. b4 Bf6 19. Qf4 Be5 20. Qh4 f5 21. Ng3 Rf6 22. exf5 exf5 23. f4 Bxc3 24. bxc3 Qc6 25. Rf2 Re8 26. Qg5 h6 27. Qh5 Rfe6 28. Rg1 Qxc3 29. Nxf5 Rf8 30. Nh4 Qf6 31. f5 Re3 32. Ng6 Rfe8 33. Nf4 Qg5 34. Qd1 Qxf5 35. Qxd6 g5 36. Nh5 Qe6 37. Nf6+ Kg7 38. Nxe8+ Qxe8 39. Qf6+ Kh7 40. Qf7+ Kh8 41. Qxb7 1-0